 Dungeon Crawl Stone Soup version 0.32-a0-779-g362cfcae2a (webtiles) character file.

Game seed: 16826268783984876255

1474 Dirtsage the Cleaver (level 8, -1/63 HPs)
             Began as a Mountain Dwarf Fighter on Mar 19, 2024.
             Slain by an orc warrior
             ... wielding a +0 glaive
              (21 damage)
             ... in a bailey.
             The game lasted 00:08:16 (4194 turns).

Dirtsage the Cleaver (Mountain Dwarf Fighter)       Turns: 4194, Time: 00:08:17

Health: -1/63      AC: 10    Str: 28    XL:     8   Next: 49%
Magic:  8/8        EV:  8    Int:  8    God:
Gold:   195        SH:  4    Dex:  9    Spells: 7/7 levels left

rFire   . . .        q - +3 hand axe (elec)
rCold   . . .        c - +0 buckler
rNeg    . . .        b - +0 scale mail
rPois   .            (no helmet)
rElec   .            e - +1 cloak
rCorr   .            (no gloves)
SInv    .            s - +0 pair of boots
Will    .....        (no amulet) Stlth
                     g - +6 ring of strength
HPRegen 0.30/turn    (no ring)
MPRegen 0.11/turn

%: no passive effects
@: no status effects
A: runic magic, artefact enchanting
a: no special abilities


You were in a bailey.
You visited 1 branch of the dungeon, and saw 7 of its levels.
You also visited: Bailey.

You collected 195 gold pieces.

Inventory:

Hand Weapons
 a - a +0 war axe
 m - a +2 hand axe of venom
 p - a +0 flail
 q - a +3 hand axe of electrocution (weapon)
Missiles
 i - a curare-tipped dart (quivered)
Armour
 b - a +0 scale mail (worn)
 c - a +0 buckler (worn)
 e - a +1 cloak (worn)
 s - a +0 pair of boots (worn)
Jewellery
 g - a +6 ring of strength (left hand)
Wands
 r - a wand of charming (21)
Scrolls
 l - 2 scrolls of immolation
 o - 2 scrolls of noise
 v - a scroll of enchant weapon
 x - a scroll of fog
Potions
 d - a potion of might
 f - 4 potions of resistance {unknown}
 h - a potion of haste
 j - a potion of enlightenment
 k - 2 potions of ambrosia {unknown}
 n - a potion of curing {unknown}
 t - a potion of mutation {unknown}
 u - a potion of brilliance {unknown}


   Skills:
 - Level 3.2 Fighting
 + Level 12.7 Axes
 - Level 3.2 Armour
 - Level 3.2 Shields


You had 7 spell levels left.
You didn't know any spells.
Your spell library contained the following spells:

 Spells                   Type           Power      Damage    Failure   Level
 Static Discharge         Conj/Air       0%         3-3/arc   67%         2
 Hailstorm                Conj/Ice       0%         3d5       88%         3
 Summon Ice Beast         Ice/Summ       0%         N/A       88%         3
 Airstrike                Air            0%         2d(0-16)  99%         4
 Summon Lightning Spire   Summ/Air       0%         N/A       99%         4
 Permafrost Eruption      Ice/Erth       0%         2x4d2     100%        6
 Sculpt Simulacrum        Ice/Alch       0%         N/A       100%        6


Dungeon Overview and Level Annotations

Branches:
Dungeon (8/15)             Bailey (1/1)
 Temple: D:4-7         Lair: D:8-11

Altars:
Hepliaklqana
Makhleb
Trog
Uskayaw

Shops:
D:1 (


Innate Abilities, Weirdness & Mutations

Your spellcasting is much less encumbered by armour.
You can use scrolls of enchantment on lesser artefacts.


Message History

You take 11 damage, and have 40/63 hp.
You slash the orc warrior!
The orc warrior is almost dead.
Your orc knight hits the orc warrior with a +0 glaive!!
The orc warrior dies!
The orc warrior hits your orc knight with a +0 halberd!!
The orc warrior barely misses you.
The orc warrior hits you with a +0 glaive!
Your Axes skill increases to level 12!
You take 11 damage, and have 29/63 hp.
You hit the orc warrior.
Lightning courses through the orc warrior!
You kill the orc warrior!
Your orc knight barely misses the orc warrior.
There is an open door here.
Your orc knight hits the orc warrior with a +0 glaive.
Your orc knight hits something but does no damage.
Something hits your orc knight but does no damage.
Your orc knight closely misses the orc warrior.
Your orc knight barely misses the orc warrior.
Your orc knight closely misses the orc warrior.
Your orc knight hits the orc warrior but does no damage.
Your orc knight hits the orc warrior with a +0 glaive!
Your orc knight hits the orc warrior with a +0 glaive!
The orc warrior dies!
Something closely misses the orc warrior.
Your orc knight hits the orc warrior with a +0 glaive!
The orc warrior hits your orc knight with a +0 glaive!
Your orc knight hits the orc warrior with a +0 glaive.
The orc warrior hits your orc knight with a +0 glaive!!
Your orc knight dies!
The orc warrior shouts!
The orc warrior hits you from afar with a +0 glaive.
You take 1 damage, and have 33/63 hp.
The orc warrior hits you from afar with a +0 glaive!
You take 9 damage, and have 24/63 hp.
The orc warrior hits you from afar with a +0 glaive.
You take 5 damage, and have 19/63 hp.
The orc warrior hits you with a +0 glaive!!
You die...

#####..~~..###..~~..##########
......~~..## ##..~~..........#
~~~~~~~..##.∩.##..~~~~~~~~~~.#
........##.....##..........~.#
############+###'#########.~.#
# §.....§.## ##.~.# ##
≈≈§≈≈≈§).## ##..~.# .##
≈...§§§≈..## ##..)~.# ..#
..⌠§⌠)o@.§.# #..~~.∩# ..#+#
..§§§..§§..#+#..~~)## .##.#
≈.§.§.§§§.##.##..~~.# ##.$.
≈§≈.§≈§..##...##..~.# #.$$
........#+.....##.~.#
############+#############.~.#
........## ##..........~.#
~~~~~~~..## ##..~~~~~~~~~~.#
......~~..## ##..~~..........#


You could see an orc warrior.

Vanquished Creatures
  2 orc warriors (Bailey)
  An ogre (D:4)
  3 phantoms
  A kobold brigand (D:5)
  2 scorpions
  4 orc priests
  A hound (D:7)
  A sleepcap (D:4)
  Jessica (D:2)
  2 iguanas (D:4)
  3 orc wizards
  13 gnolls
  4 adders
  2 dart slugs (D:4)
  21 orcs
  6 endoplasms
  2 giant cockroaches
  8 goblins
  6 hobgoblins
  7 jackals
  16 kobolds
  3 quokkas
  6 ball pythons
  6 bats
  3 frilled lizards
  4 rats
128 creatures vanquished.

Vanquished Creatures (collateral kills)
  2 orc warriors (Bailey)
2 creatures vanquished.

Vanquished Creatures (others)
  An orc knight (Bailey)
1 creature vanquished.

Grand Total: 131 creatures vanquished

Notes
Turn   | Place    | Note
-------+----------+-------------------------------------------
     0 | D:1      | Dirtsage the Mountain Dwarf Fighter began the quest for the
                  | Orb.
     0 | D:1      | Reached XP level 1. HP: 19/19 MP: 1/1
   131 | D:1      | Reached skill level 3 in Axes
   143 | D:1      | Reached XP level 2. HP: 23/26 MP: 2/2
   237 | D:1      | Found Boneariz's Antique Weapon Emporium.
   479 | D:1      | Reached skill level 4 in Axes
   755 | D:2      | Reached XP level 3. HP: 29/31 MP: 3/3
   797 | D:2      | Noticed Jessica
   803 | D:2      | Killed Jessica
   804 | D:2      | Reached skill level 5 in Axes
   825 | D:2      | Reached XP level 4. HP: 38/38 MP: 4/4
   910 | D:2      | Reached skill level 6 in Axes
  1162 | D:2      | Reached XP level 5. HP: 40/45 MP: 5/5
  1308 | D:2      | Found a burning altar of Makhleb.
  1844 | D:3      | Found a hazy altar of Hepliaklqana.
  1919 | D:3      | Reached skill level 7 in Axes
  2259 | D:4      | Reached XP level 6. HP: 51/51 MP: 6/6
  2338 | D:4      | Reached skill level 8 in Axes
  2475 | D:4      | Reached skill level 9 in Axes
  2486 | D:4      | Reached XP level 7. HP: 32/57 MP: 7/7
  2618 | D:4      | Found a burning altar of Makhleb.
  2764 | D:4      | Reached skill level 10 in Axes
  3208 | D:4      | Found a bloodstained altar of Trog.
  3216 | D:4      | Found a hide-covered altar of Uskayaw.
  3241 | D:5      | Entered Level 5 of the Dungeon
  3515 | D:5      | Reached skill level 11 in Axes
  3638 | D:5      | Reached XP level 8. HP: 63/63 MP: 8/8
  3675 | D:5      | You fall into a shaft and drop 3 floors!
  3736 | D:7      | Found a flagged portal.
  3742 | Bailey   | Entered a bailey
  4052 | Bailey   | Noticed an orc knight
  4164 | Bailey   | Noticed an orc knight
  4174 | Bailey   | Reached skill level 12 in Axes
  4194 | Bailey   | Slain by an orc warrior

Illustrated notes

Levels and vault maps discovered:
D:1:      dpeg_arrival_solitude, layout_basic, serial_shops,
          nicolae_shop_tiny_waterfront, nicolae_kite_square_tiling_tiny,
          minmay_close_crescents
D:2:      layout_loops_ring, basic_altar, uniq_jessica
D:3:      layout_basic, mainiacjoe_overflow_brackets
D:4:      layout_loops_corners, amethyst_overflow_temple_binary,
          lemuel_tele_altar, hangedman_abyss_or_decor_lesser_grid
D:5:      layout_loops_ring, kennysheep_generic_room_10
D:7:      layout_loops_cross, elyvilon_altar_1, enter_bailey_3, uniq_maggie
D:8:      layout_cave_pods, fedhas_ov_isle_minmay, mainiacjoe_overflow_alcove_1,
          dreamdust_mushroom_princess
Bailey:   bailey_polearm_1, bailey

Skill      XL: |  1  2  3  4  5  6  7  8 |
---------------+-------------------------+-----
Axes           | 3 4 5 6 7 9 11 12 | 12.7
Fighting       | |  3.2
Armour         | |  3.2
Shields        | |  3.2

Action                     |  1- 3 |  4- 6 |  7- 9 || total
---------------------------+-------+-------+-------++-------
  Melee: War axe           |    39 |       |       ||    39
         Hand axe          |    33 |   114 |   151 ||   298
  Evoke: Wand              |       |       |     1 ||     1
    Use: Scroll            |       |     6 |     5 ||    11
 Armour: Scale mail        |    58 |    62 |    83 ||   203
  Dodge: Dodged            |    37 |    40 |    55 ||   132
  Block: Buckler           |    20 |    20 |    17 ||    57

Table legend: (Time is in decaauts)
 A = Elapsed time spent in this place.
 B = Non-inter-level travel time spent in this place.
 C = Inter-level travel time spent in this place.
 D = Time resting spent in this place.
 E = Time spent auto-exploring this place.
 F = Levels seen in this place.
 G = Mean time per level.
                   A        B        C        D        E       F      G
               +--------+--------+--------+--------+--------+-----+--------+
         Total |   4178 |   4071 |    107 |    289 |   3041 |   8 |  522.2 |
       Dungeon |   3734 |   3627 |    107 |    108 |   2877 |   7 |  533.4 |
        Bailey |    443 |    443 |      0 |    181 |    163 |   1 |  443.0 |
               +--------+--------+--------+--------+--------+-----+--------+

Top non-repeatable levels by time:
     D:4: 1009 daAuts
     D:3: 819 daAuts
     D:2: 736 daAuts
     D:1: 679 daAuts
  Bailey: 443 daAuts
     D:5: 421 daAuts
     D:7: 62 daAuts
     D:8: 4 daAuts
